 Dungeon Crawl Stone Soup version 0.27.0-1-g7a089689b8 (webtiles) character file.

Game seed: 1192409442415314414

96 trckry the Grasshopper (level 4, -13/44 HPs)
             Began as an Ogre Warper on Aug 12, 2021.
             Was a Believer of Sif Muna.
             Mangled by a wyvern zombie (14 damage)
             ... on level 4 of the Dungeon.
             The game lasted 00:08:52 (4222 turns).

trckry the Grasshopper (Ogre Warper)                Turns: 4222, Time: 00:08:52

Health: -13/44     AC:  3    Str: 15    XL:     4   Next: 67%
Magic:  2/8        EV:  9    Int: 21    God:    Sif Muna [**....]
Gold:   160        SH:  0    Dex:  8    Spells: 4/9 levels left

rFire    . . .     SeeInvis .   a - +0 mace
rCold    . . .     Faith    .   (no shield)
rNeg     . . .     Spirit   .   b - +0 robe
rPois    +         Reflect  .   (helmet restricted)
rElec    .         Harm     .   (no cloak)
rCorr    .         Rampage  .   (gloves unavailable)
Will     .....                  (boots unavailable)
Stlth    +.........             (no amulet)
HPRegen  0.14/turn              h - +6 ring of intelligence
MPRegen  0.11/turn              m - ring of poison resistance

@: very slightly contaminated
A: large, unfitting armour, tough skin 1
a: Renounce Religion, Channel Magic


You were on level 4 of the Dungeon.
You worshipped Sif Muna.
Sif Muna was pleased with you.
You visited 1 branch of the dungeon, and saw 4 of its levels.

You collected 160 gold pieces.

Inventory:

Hand Weapons
 a - a +0 mace (weapon)
Missiles
 d - 4 boomerangs of dispersal (quivered)
 p - 17 poisoned darts
Armour
 b - a +0 robe (worn)
Jewellery
 h - a +6 ring of intelligence (left hand)
 m - a ring of poison resistance (right hand)
Scrolls
 c - 4 scrolls of blinking
 e - 3 scrolls of identify {unknown}
 f - a scroll of holy word {unknown}
 i - 2 scrolls of vulnerability {unknown}
 o - a scroll of silence {unknown}
 q - a scroll of immolation {unknown}
 r - a scroll of fear {unknown}
Potions
 g - a potion of berserk rage {unknown}
 j - a potion of lignification {unknown}
 k - 3 potions of curing {unknown}
 l - a potion of cancellation {unknown}
 n - a potion of heal wounds {unknown}
 s - a potion of flight {unknown}


   Skills:
 - Level 2.6 Fighting
 * Level 3.0 Maces & Flails
 - Level 1.0 Throwing
 - Level 2.1 Dodging
 + Level 3.2 Spellcasting
 * Level 3.6 Translocations


You had 4 spell levels left.
You knew the following spells:

 Your Spells              Type           Power      Damage    Failure   Level
a - Blink                 Tloc           N/A        N/A       4%          2
b - Teleport Other        Tloc           18%        N/A       9%          3

Your spell library contained the following spells:

 Spells                   Type           Power      Damage    Failure   Level
 Gell's Gravitas          Tloc           9%         N/A       9%          3
 Lesser Beckoning         Tloc           9%         N/A       9%          3
 Manifold Assault         Tloc           18%        N/A       63%         5


Dungeon Overview and Level Annotations

Branches:
Dungeon (4/15)
 Temple: D:4-7

Altars:
Fedhas
Okawaru
Sif Muna
Vehumet
Zin

Shops:
D:2 =


Innate Abilities, Weirdness & Mutations

You are too large for most types of armour.
You have tough skin. (AC +1)


Message History

You now have 160 gold pieces (gained 15).
You hit the wyvern zombie.
The wyvern zombie is lightly damaged.
The wyvern zombie barely misses you.
You completely miss the wyvern zombie.
The wyvern zombie is lightly damaged.
The wyvern zombie bites you. The wyvern zombie bites you!
You take 9 damage, and have 35/44 hp.
MASSIVE DAMAGE!!
You hit the wyvern zombie.
The wyvern zombie is lightly damaged.
The wyvern zombie bites you! The wyvern zombie barely misses you.
You take 14 damage, and have 21/44 hp.
MASSIVE DAMAGE!!
You hit the wyvern zombie.
The wyvern zombie is lightly damaged.
The wyvern zombie barely misses you.
Cast which spell? (? or * to list)
Aiming: Teleport Other (dangerous; 9% risk of failure)
Press: ? - help, Shift-Dir - straight line, f - wyvern zombie
Aim: a wyvern zombie (lightly damaged, chance to affect: 68%)
You miscast Teleport Other.
You are very lightly contaminated with residual magic.
Nothing appears to happen.
The wyvern zombie bites you. x2
You take 7 damage, and have 15/44 hp.
You now have 5/8 mp.
Casting: Teleport Other (dangerous; 9% risk of failure)
Confirm with . or Enter, or press ? or * to list all spells.
Aiming: Teleport Other (dangerous; 9% risk of failure)
Press: ? - help, Shift-Dir - straight line, f/p - wyvern zombie
Aim: a wyvern zombie (lightly damaged, chance to affect: 68%)
You miscast Teleport Other.
Nothing appears to happen.
The wyvern zombie bites you!
* * * LOW HITPOINT WARNING * * *
You take 14 damage, and have 1/44 hp.
MASSIVE DAMAGE!!
You now have 2/8 mp.
Throw: 5 boomerangs (disperse)
Press: ? - help, Q - select action, (/) - cycle Shift-Dir - straight line, f/p - wyvern zombie
Aim: a wyvern zombie (lightly damaged, 75% to hit)
You throw a boomerang of dispersal.
The boomerang of dispersal hits the wyvern zombie but does no damage.
The wyvern zombie is lightly damaged.
The wyvern zombie bites you!
You die...

.....##.........# .).....#.......
...........#....##....#.###...##.
.....# ....#..#.##.......##......
....###...............#....#†....
..........####..#....#..#..###...
.......## ##.#..#...............#
.......# #......##..............
...###.####..#.Z##.........##....
#...##.......###@.........####..#
..#.....#....###.........## ####
..########...##.........## ..##
##..##.........# ...#
#####.......### ...# ##.>#.###
#..# #.#### #### ### #


You could see a wyvern zombie.

Vanquished Creatures
  A hound skeleton (D:4)
  An adder (D:2)
  A worm (D:2)
  3 dart slugs
  5 endoplasms
  A giant cockroach (D:2)
  7 goblins
  3 hobgoblins
  7 jackals
  2 quokkas
  8 ball pythons
  5 bats
  2 frilled lizards
  7 kobolds
  9 rats
62 creatures vanquished.

Notes
Turn   | Place    | Note
-------+----------+-------------------------------------------
     0 | D:1      | trckry the Ogre Warper began the quest for the Orb.
     0 | D:1      | Reached XP level 1. HP: 22/22 MP: 3/3
   268 | D:1      | Reached XP level 2. HP: 14/29 MP: 5/5
   791 | D:1      | Found a faded altar of an unknown god.
   824 | D:1      | Became a worshipper of Sif Muna the Loreminder
   824 | D:1      | Reached * piety under Sif Muna
   999 | D:1      | Reached XP level 3. HP: 36/36 MP: 7/7
  1234 | D:2      | Found Ixtajorch's Jewellery Boutique.
  1799 | D:2      | Found a glowing silver altar of Zin.
  2439 | D:3      | Noticed a phantom
  2563 | D:3      | Reached XP level 4. HP: 36/44 MP: 8/8
  2563 | D:3      | Reached ** piety under Sif Muna
  3180 | D:3      | Found a radiant altar of Vehumet.
  3589 | D:3      | Found a blossoming altar of Fedhas.
  3782 | D:4      | Noticed a phantom
  3948 | D:4      | Found an iron altar of Okawaru.
  4184 | D:4      | Learned a level 2 spell: Blink
  4188 | D:4      | Learned a level 3 spell: Teleport Other
  4221 | D:4      | HP: 1/44 [wyvern zombie (14)]
  4222 | D:4      | Mangled by a wyvern zombie

Illustrated notes

Levels and vault maps discovered:
D:1:      nagdon_arrival_zigzag_paths, layout_basic,
          ebering_ecumenical_altar_rust
D:2:      layout_basic, serial_shops, nicolae_shop_statue_plus, basic_altar
D:3:      layout_basic, nicolae_vehumet_altar_sigil,
          nicolae_overflow_crystal_walls, st_stairs_5
D:4:      layout_cave_pools, kennysheep_little_box, minivault_25

Skill      XL: |  1  2  3  4 |
---------------+-------------+-----
Maces & Flails | 2 3 |  3.0
Translocations | 3 |  3.6
Spellcasting   | 3 |  3.2
Fighting       | |  2.6
Throwing       | |  1.0
Dodging        | |  2.1

Action                   |  1- 3 |  4- 6 || total
-------------------------+-------+-------++-------
Melee: Mace              |   123 |    76 ||   199
Throw: Boomerang         |       |     1 ||     1
 Stab: Sleeping          |     1 |       ||     1
Armor: Robe              |    38 |    30 ||    68
Dodge: Dodged            |    62 |    41 ||   103
